 Dungeon Crawl Stone Soup version 0.28-b1-25-g9875b3fc8c (webtiles) character file.

Game seed: 12007121384681631421

49 lordive the Digger (level 3, 0/19 HPs)
             Began as a Gargoyle Earth Elementalist on Jan 31, 2022.
             Slain by a kobold (1 damage)
             ... on level 2 of the Dungeon.
             The game lasted 00:02:23 (2101 turns).

lordive the Digger (Gargoyle Earth Elementalist)    Turns: 2101, Time: 00:02:23

Health: 0/19       AC:  5    Str: 11    XL:     3   Next: 77%
Magic:  6/6        EV: 12    Int: 17    God:
Gold:   21         SH:  0    Dex: 10    Spells: 5/6 levels left

rFire   . . .      SeeInvis .   d - +0 whip
rCold   . . .      Faith    .   (no shield)
rNeg    + . .      Spirit   .   b - +0 robe
rPois   ∞          Reflect  .   (no helmet)
rElec   +          Harm     .   (no cloak)
rCorr   .          Rampage  .   (no gloves)
Will    .....                   (no boots)
Stlth   ++........              (no amulet)
HPRegen 0.06/turn               (no ring)
MPRegen 0.10/turn               (no ring)

@: no status effects
A: sickness immunity, AC +3, negative energy resistance 1, electricity
resistance, torment resistance 1, petrification resistance
a: no special abilities


You were on level 2 of the Dungeon.
You visited 1 branch of the dungeon, and saw 2 of its levels.

You collected 21 gold pieces.

Inventory:

Hand Weapons
 d - a +0 whip (weapon)
Missiles
 c - 35 stones
Armour
 b - a +0 robe (worn)
Scrolls
 i - a scroll of amnesia {unknown}
 j - a scroll of identify {unknown}
Potions
 a - a potion of attraction {unknown}
 e - a potion of haste {unknown}
 f - a potion of brilliance {unknown}
 g - a potion of degeneration {unknown}
 h - 2 potions of resistance {unknown}


   Skills:
 + Level 0.2 Fighting
 + Level 0.1 Maces & Flails
 + Level 1.9 Dodging
 - Level 2.1 Stealth
 + Level 2.2 Spellcasting
 * Level 1.3 Conjurations
 + Level 0.7 Transmutations
 * Level 4.7 Earth Magic


You had 5 spell levels left.
You knew the following spells:

 Your Spells              Type           Power      Damage    Failure   Level
a - Sandblast             Erth           36%        2d10      2%          1

Your spell library contained the following spells:

 Spells                   Type           Power      Damage    Failure   Level
 Passwall                 Tmut/Erth      9%         N/A       10%         2
 Stone Arrow              Conj/Erth      24%        3d8       16%         3
 Petrify                  Tmut/Erth      11%        N/A       52%         4


Dungeon Overview and Level Annotations

Branches:
Dungeon (2/15)

Altars:

Shops:
D:1 *


Innate Abilities, Weirdness & Mutations

You are immune to sickness and miasma.
Your stone body is resilient. (AC +3)
You are immune to poison.
You resist negative energy. (rN+)
You are resistant to electric shocks. (rElec)
You are resistant to unholy torment.
You are immune to petrification.


Message History

The jackal misses you.
You closely miss the jackal.
The jackal is heavily wounded.
The jackal bites you. The jackal misses you.
You barely miss the jackal.
The jackal is heavily wounded.
The jackal closely misses you.
You barely miss the jackal.
The jackal is heavily wounded.
The jackal bites you but does no damage. x2
You hit the jackal but do no damage.
The jackal is heavily wounded.
The jackal misses you.
You hit the jackal.
You kill the jackal!
You closely miss the kobold. The kobold hits you with a +0 club.
You hit the kobold but do no damage. The kobold closely misses you.
You hit the kobold.
The kobold is moderately wounded.
The kobold hits you but does no damage.
You closely miss the kobold.
The kobold is moderately wounded.
The kobold hits you but does no damage.
You hit the kobold but do no damage.
The kobold is moderately wounded.
The kobold hits you but does no damage.
You hit the kobold but do no damage.
The kobold is moderately wounded.
The kobold barely misses you.
You miss the kobold. Your punch misses the kobold. The kobold misses you.
You hit the kobold but do no damage. The kobold closely misses you.
The kobold hits you but does no damage.
You barely miss the kobold. The kobold misses you.
You hit the kobold but do no damage. The kobold hits you but does no damage.
You closely miss the kobold. The kobold hits you with a +0 club.
* * * LOW HITPOINT WARNING * * *
You barely miss the kobold. The kobold hits you with a +0 club.
* * * LOW HITPOINT WARNING * * *
You barely miss the kobold. The kobold hits you with a +0 club.
You die...

##.## ##### ...#
....# .#.(
###.########## ..#
#......(...... ..#
..#.##..########.#
###.##.........#.#
###.###.######.#@#
# ....# #.# #.#K#
.# #######.## #.#h#
..# ##.......#
#.#.#######...###
##<......#
#...#.........(..
##...<...#
####...............
##.......#
#....##............
.#.......#
#.###########...###
.######### #.# ...#


You could see a jackal and a kobold.

Vanquished Creatures
  A gnoll (D:1)
  2 dart slugs
  5 bats (D:1)
  4 endoplasms (D:1)
  2 giant cockroaches (D:1)
  2 goblins
  2 hobgoblins (D:1)
  2 jackals (D:2)
  A quokka (D:1)
  3 ball pythons (D:1)
  4 frilled lizards (D:1)
  3 kobolds
  2 rats (D:1)
33 creatures vanquished.

Notes
Turn   | Place    | Note
-------+----------+-------------------------------------------
     0 | D:1      | lordive the Gargoyle Earth Elementalist began the quest for
                  | the Orb.
     0 | D:1      | Reached XP level 1. HP: 10/10 MP: 3/3
   128 | D:1      | Found Niod's Assorted Antiques.
   137 | D:1      | Reached skill level 4 in Earth Magic
   202 | D:1      | Reached XP level 2. HP: 12/15 MP: 3/5
   837 | D:1      | Reached XP level 3. HP: 19/19 MP: 6/6
  1245 | D:1      | Reached skill level 1 in Conjurations
  2101 | D:2      | Slain by a kobold

Illustrated notes

Levels and vault maps discovered:
D:1:      ebering_trefoil_3fold, layout_basic, serial_shops,
          nicolae_shop_waterfront
D:2:      layout_loops_cross, ebering_ecumenical_altar_sacrificial,
          uniq_crazy_yiuf_cottage

Skill      XL: |  1  2  3 |
---------------+----------+-----
Earth Magic    | 4 |  4.7
Conjurations   | 1 |  1.3
Fighting       | |  0.2
Maces & Flails | |  0.1
Dodging        | |  1.9
Stealth        | |  2.1
Spellcasting   | |  2.2
Transmutations | |  0.7

Action                   || total
-------------------------++-------
Melee: Unarmed           ||     1
       Whip              ||   130
       Punch             ||     1
 Cast: Sandblast         ||    16
 Stab: Sleeping          ||     4
Armor: Robe              ||    47
Dodge: Dodged            ||    91
